 Dungeon Crawl Stone Soup version 0.21.0-3-g78d12a8 (webtiles) character file.

2587321 Leszczynek the Axe Maniac (level 25, 243/257 HPs)
             Began as a Minotaur Berserker on Jan 7, 2018.
             Was a High Priest of Trog.
             Escaped with the Orb
             ... and 3 runes on Jan 8, 2018!
             The game lasted 03:40:39 (31635 turns).

Leszczynek the Axe Maniac (Minotaur Berserker)     Turns: 31635, Time: 03:40:40

Health: 243/257    AC: 35    Str: 32    XL:     25   Next: 0%
Magic:  11/11      EV: 28    Int:  7    God:    Trog [*****.]
Gold:   2122       SH:  0    Dex: 21    Spells: 24/24 levels left

rFire    + + .     SeeInvis .   a - +9 executioner's axe (antimagic) {god gift}
rCold    + . .     Gourm    .   (shield currently unavailable)
rNeg     . . .     Faith    +   c - +12 chain mail of Ighes {rF+ rCorr Dex+4}
rPois    .         Spirit   .   X - +0 hat "Jiodif" {MR+}
rElec    .         Reflect  .   v - scarf {rC+ rF+}
rCorr    +         Harm     .   G - +2 pair of gloves {Str+3}
MR       +++..                  L - +2 pair of boots
Stlth    ..........             V - amulet of faith
HPRegen  0.52/turn              B - ring "Wukuh" {MR+ Dex+3 Slay+4}
MPRegen  0.12/turn              Y - +4 ring of evasion

@: drained
A: retaliatory headbutt, beak, horns 2, blink, clever 1, inhibited regeneration
0: Orb of Zot
}: 3/15 runes: decaying, serpentine, silver
a: Blink, Berserk, Trog's Hand, Brothers in Arms, Burn Spellbooks, Renounce
Religion


You escaped.
You worshipped Trog.
Trog was extremely pleased with you.
You were very full.

You visited 9 branches of the dungeon, and saw 49 of its levels.
You visited 1 bazaar.
You also visited: Volcano.

You collected 4840 gold pieces.
You spent 2718 gold pieces at shops.

Inventory:

Hand Weapons
 a - a +9 antimagic executioner's axe (weapon) {god gift}
 b - a +9 executioner's axe of flaming {god gift}
 x - the +2 battleaxe "Rexzeink" {god gift, holy, rElec rF+ MR+ Str+2 Stlth+}
   (Trog gifted it to you on level 1 of the Swamp)

   It has been blessed by the Shining One to cause great damage to the undead
   and demons.
   It affects your strength (+2).
   It protects you from fire.
   It insulates you from electricity.
   It affects your resistance to hostile enchantments.
   It makes you more stealthy.
Missiles
 Q - 2 throwing nets (quivered)
Armour
 c - the +12 chain mail of Ighes (worn) {rF+ rCorr Dex+4}
   (You took it off a deep elf high priest on level 3 of the Elven Halls)

   It affects your dexterity (+4).
   It protects you from fire.
   It protects you from acid and corrosion.
 t - the +1 cloak "Tooxon" {*Drain rElec rPois SInv}
   (You found it on level 3 of the Elven Halls)

   It insulates you from electricity.
   It protects you from poison.
   It lets you see invisible.
   It causes draining when unequipped.
 v - a scarf of resistance (worn)
 G - a +2 pair of gloves of strength (worn)
 L - a +2 pair of boots (worn)
 X - the +0 hat "Jiodif" (worn) {MR+}
   (You acquired it on level 1 of the Vaults)

   It affects your resistance to hostile enchantments.
Jewellery
 n - the ring of Polytheism {+Fly rElec Dex+2}
   (You acquired it on level 4 of the Snake Pit)

   [ring of flight]

   It affects your dexterity (+2).
   It insulates you from electricity.
   It lets you fly.
 s - an uncursed ring of fire
 B - the ring "Wukuh" (left hand) {MR+ Dex+3 Slay+4}
   (You bought it in a shop on level 2 of the Orcish Mines)

   [ring of protection from magic]

   It affects your dexterity (+3).
   It affects your accuracy and damage with ranged weapons and melee attacks
   (+4).
   It affects your resistance to hostile enchantments.
 N - an uncursed ring of poison resistance
 V - an amulet of faith (around neck)
 Y - a +4 ring of evasion (right hand)
Wands
 w - a wand of iceblast (8)
 F - a wand of acid (10)
 I - a wand of scattershot (3)
 K - a wand of disintegration (21)
 O - a wand of paralysis (20)
 P - a wand of enslavement (4)
 R - a wand of digging (32)
 U - a wand of clouds (11)
Scrolls
 i - 2 scrolls of silence {!r}
 l - 18 scrolls of teleportation
 m - 15 scrolls of identify {@r1}
 o - 4 scrolls of blinking
 p - 3 scrolls of fear
 r - 2 scrolls of fog
 y - 3 scrolls of summoning
 z - 13 scrolls of remove curse {@r2}
 A - a scroll of magic mapping
Potions
 e - 2 potions of invisibility
 f - 2 potions of mutation {!q}
 g - 11 potions of brilliance
 h - 3 potions of haste
 j - a potion of agility
 k - 10 potions of curing {@q1}
 q - 2 potions of heal wounds {@q2}
 u - 5 potions of lignification {!q}
 E - 4 potions of ambrosia
 J - 7 potions of resistance
 M - a potion of cancellation
 S - 4 potions of flight
 T - 5 potions of might
Miscellaneous
 C - 2 boxes of beasts
 D - 3 sacks of spiders
 H - a phial of floods
 W - a fan of gales
Comestibles
 d - 37 rations


   Skills:
 O Level 27(26.7) Fighting
   Level 6.2(6.0) Long Blades
 O Level 27(26.7) Axes
 + Level 20.1(19.8) Armour
 + Level 17.7(17.5) Dodging
 + Level 14.7(14.5) Evocations


You had 24 spell levels left.
You didn't know any spells.

Dungeon Overview and Level Annotations

Branches:
Dungeon (15/15)              Lair (6/6) D:10          Swamp (4/4) Lair:3
  Snake (4/4) Lair:2          Orc (2/2) D:11            Elf (3/3) Orc:2
 Vaults (5/5) D:13         Depths (5/5) D:15            Zot (5/5) Depths:5
 Temple: D:4-7        Slime: Lair:5-6     Crypt: Vaults:2-3

Altars:
Elyvilon
Fedhas
Kikubaaqudgha
Makhleb
Nemelex Xobeh
Okawaru
Qazlal
Sif Muna
Trog
Wu Jian
The Shining One
Beogh

Shops:
D:7 %   Orc:2 (([*=   Snake:4 *   Vaults:3 *

Portals:
Hell: Depths:2 Depths:3 Depths:5
Ziggurat: Depths:4

Annotations:
D:2 Sigmund
D:4 Eustachio
D:10 1 runed door
D:11 water vault, flight needed
D:13 vaults
D:15 fire giant U entry
Lair:5 exclusion: 2 oklob plants
Vaults:3 exclusion: downstairs
Depths:5 exclusion: upstairs
Zot:3 exclusion: upstairs
Zot:5 exclusion: obsidian statue


Innate Abilities, Weirdness & Mutations

You reflexively headbutt those who attack you in melee.
You have a pair of horns on your head.
You have a beak for a mouth.
You can translocate small distances at will.
Your mind is acute. (Int +2)
You do not regenerate when monsters are visible.


Message History

You carve the hell hog like the proverbial ham!!!
You kill the hell hog!
Trog accepts your kill.
You slash the hell hog! The hell hog breathes fire at you.
The fireball explodes!
The fireball engulfs you! You resist.
The fireball engulfs the hell hog.
The hell hog resists.
You slice the hell hog!! You headbutt the hell hog! You peck the hell hog.
The hell hog is almost dead.
The hell hog completely misses you. You furiously retaliate!
You headbutt the hell hog!
You kill the hell hog!
Trog accepts your kill.
You have reached level 25!
You enter the shallow water.
Moving in this stuff is going to be slow.
There is a staircase leading out of the dungeon here.
Enter note: below 32k, pretty ok
Enter note: for a safe run You have escaped!

#.# #.......#.##.##.# #...#
#.###.......#.......# #...#
..........).#.##....# #...#
#.##.....>.########.######...####
..##.......###≈##≈##.............
####.......##≈.≈≈♣≈##...†........
## #.......#≈.8.♣8♣≈#............
.# #.......##....♣≈##.####>..####
.# #............@≈≈...# #...# .#
######.###.P..P≈#### #...# .#
#.##≈P8PP8P≈# #.......# .##
#.###≈P≈≈P≈## #.#...#.#
..#######.####≈##≈## #.#...#.#
#............###### . ....# #
...#######....... ##.##### #.##
####### ..#


There were no monsters in sight!

Vanquished Creatures
  A seraph (Depths:5)
  6 orbs of fire
  4 ancient liches (Zot:5)
  2 juggernauts (Depths:4)
  Saint Roka (Orc:2)
  4 Killer Klowns (Zot:5)
  2 caustic shrikes (Depths:2)
  Nikola (Depths:3)
  the Enchantress (Depths:2)
  5 golden dragons
  A bone dragon (Depths:5)
  2 electric golems (Zot:5)
  5 liches
  Jorgrun (Vaults:4)
  A Brimstone Fiend (Zot:5)
  7 tentacled monstrosities
  25 Orb Guardians (Zot:5)
  3 deep elf blademasters (Elf:3)
  6 quicksilver dragons
  Asterion (Depths:3)
  The ghost of Uhlv the Slayer, an adept MiWn of the Shining One (Swamp:2)
  5 death cobs
  3 deep elf master archers (Elf:3)
  5 titans (Vaults:5)
  Gastronok (Orc:1)
  An Executioner (Zot:5)
  6 sphinxes
  A draconian monk (Depths:5)
  5 storm dragons
  4 tengu reavers
  9 shadow dragons
  A daeva (Depths:5)
  4 nagarajas (Snake:4)
  10 fire giants
  8 frost giants
  8 vault wardens
  3 orc warlords
  2 balrugs
  2 draconian knights (Zot:5)
  3 draconian scorchers
  4 iron dragons (Depths:2)
  8 deep elf sorcerers
  A ghost moth (Zot:4)
  4 deep elf elementalists (Elf:3)
  2 draconian stormcallers (Zot:5)
  An angel (Depths:5)
  2 draconian annihilators
  4 very ugly things
  5 spriggan defenders (Depths:3)
  2 war gargoyles (Vaults:5)
  11 ironheart preservers
  19 stone giants
  9 green draconians
  A blood saint (Depths:5)
  2 black draconians (Zot:1)
  2 entropy weavers
  10 deep elf demonologists
  3 vampire knights
  2 red draconians (Zot:2)
  5 white draconians
  4 purple draconians
  6 deep elf annihilators
  4 spark wasps (Depths:5)
  6 yellow draconians
  Snorg (Orc:2)
  A crystal guardian (Vaults:5)
  6 deep elf death magi
  15 ettins
  13 yaktaur captains
  6 great orbs of eyes
  6 deep elf high priests
  8 fire dragons
  3 jiangshi (Depths:1)
  15 naga warriors
  2 rakshasas
  11 ogre magi
  A ghost crab (Swamp:3)
  25 vault guards
  9 ice dragons
  5 spriggan air magi
  4 anacondas
  13 hydras
  4 centaur warriors
  Erica (D:10)
  3 dancing weapons
  3 alligators
  36 two-headed ogres
  3 deep troll shamans
  4 spriggan berserkers
  7 deep troll earth magi
  A vampire mage (Depths:1)
  7 naga sharpshooters
  3 hell hogs (D:1)
  2 death yaks (Lair:6)
  2 tengu warriors
  10 deep elf knights
  3 shock serpents
  A titan zombie (Depths:2)
  Urug (Lair:3)
  2 orc high priests
  Sonja (Orc:2)
  Nergalle (Orc:2)
  A sixfirhy (D:9)
  A fire crab (Swamp:4)
  A salamander mystic (Snake:3)
  3 shadow wraiths
  An unseen horror (D:13)
  A small abomination (Elf:3)
  A flayed ghost (Depths:2)
  3 glowing orange brains
  11 deep trolls
  3 shambling mangroves
  5 swamp dragons (Swamp:4)
  10 ironbrand convokers
  7 wizards
  11 deep elf archers
  A shadow demon (Depths:5)
  4 phantasmal warriors
  A spriggan druid (Swamp:4)
  3 necromancers
  2 lindwurms (Swamp:4)
  12 orc knights
  7 naga ritualists
  4 mana vipers
  3 orc sorcerers
  45 deep elf magi
  2 wolf spiders
  2 manticores (D:13)
  18 ugly things
  7 cyclopes
  A stone giant zombie (Vaults:4)
  2 moths of wrath (shapeshifter)
  6 salamanders
  7 moths of wrath
  A manticore (shapeshifter) (Elf:3)
  12 vault sentinels
  A black mamba (shapeshifter) (Vaults:1)
  5 toenail golems (Volcano)
  2 guardian serpents
  22 black mambas
  A stone giant skeleton (Vaults:4)
  23 naga magi
  2 orange demons (Depths:5)
  2 rust devils
  A gargoyle (D:13)
  A rime drake (shapeshifter) (Vaults:1)
  A yaktaur zombie (Vaults:4)
  A storm dragon simulacrum (Vaults:4)
  30 spiny frogs
  3 centaur skeletons
  A spark wasp simulacrum (Depths:2)
  38 yaktaurs
  An ice devil (D:3)
  3 red devils
  5 komodo dragons
  2 tengu conjurers
  3 freezing wraiths
  A hellwing (D:15)
  11 tyrant leeches
  A polar bear (shapeshifter) (Vaults:4)
  A meliai (shapeshifter) (D:13)
  A yaktaur skeleton (Vaults:4)
  3 meliai (D:14)
  A jumping spider (shapeshifter) (D:13)
  12 trolls
  8 hornets
  5 bog bodies
  12 hippogriffs
  A hippogriff (shapeshifter) (Depths:2)
  35 slime creatures
  An ettin zombie (Depths:2)
  23 blink frogs
  A redback (shapeshifter) (Vaults:5)
  22 yaks
  A shadow (Swamp:2)
  3 redbacks
  2 ynoxinuls
  A spriggan (shapeshifter) (Depths:5)
  5 spriggans (Depths:3)
  5 air elementals
  2 wyverns (shapeshifter)
  Grum (D:9)
  3 chaos spawn
  4 wraiths
  A vampire (D:13)
  2 fire elementals (Elf:1)
  2 water elementals
  2 wyverns
  3 basilisks
  2 hungry ghosts
  10 vampire mosquitoes
  5 steam dragons
  The ghost of bappy the Cutter, an amateur HaAs (D:4)
  5 wargs
  28 nagas
  8 swamp worms
  A human zombie (Depths:2)
  14 water moccasins
  A floating eye (Depths:5)
  3 ice beasts
  7 porcupines
  A water moccasin (shapeshifter) (Depths:2)
  5 hell hounds (D:8)
  61 orc warriors
  10 swamp drakes
  3 sky beasts
  A black bear (shapeshifter) (Depths:2)
  3 eyes of draining
  37 ogres
  A necrophage (D:11)
  A phantom (D:8)
  4 boggarts (Depths:4)
  40 wolves
  13 crocodiles
  11 centaurs
  A big kobold (D:11)
  26 bullfrogs
  6 earth elementals
  A human skeleton (Vaults:4)
  4 scorpions
  6 killer bees (D:10)
  13 electric eels
  10 howler monkeys
  A bullfrog zombie (D:10)
  9 crimson imps
  2 centaur zombies
  A lava snake (Swamp:4)
  4 jellies
  A quasit (Zot:5)
  7 hounds
  An iron imp (Depths:5)
  31 orc priests
  2 bullfrog skeletons (D:12)
  Terence (D:2)
  5 iguanas
  Natasha (D:2)
  3 hell rats (Lair:6)
  31 orc wizards
  7 worker ants
  2 hound skeletons
  A howler monkey zombie (D:8)
  A worker ant zombie (D:6)
  6 gnolls
  6 adders
  7 river rats (Lair:6)
  4 shadow imps
  4 white imps
  4 ufetubi
  3 adder skeletons
  A worm (D:3)
  A dart slug (D:2)
  5 leopard geckos
  173 orcs
  4 ball pythons
  4 bats
  3 giant cockroaches
  3 goblins
  5 hobgoblins
  4 jackals
  7 kobolds
  5 quokkas
  A ball python (shapeshifter) (Vaults:5)
  A quokka skeleton (D:7)
  14 rats
  A crawling corpse (Elf:3)
  5 fungi
  3 plants
1768 creatures vanquished.

Vanquished Creatures (collateral kills)
  A frost giant (Vaults:5)
  A deep elf elementalist (Vaults:5)
  2 ettins (Vaults:5)
  A deep elf high priest (Vaults:5)
  2 vault guards (Vaults:5)
  A shock serpent (shapeshifter) (Vaults:5)
  A slime creature (Depths:3)
  An orc warrior (Orc:2)
  An ogre (Orc:2)
  2 orcs (Orc:2)
13 creatures vanquished.

Vanquished Creatures (others)
  A tengu reaver (Depths:2)
  A hydra (Swamp:4)
  A hell hog (D:1)
  A flayed ghost (Depths:1)
  A moth of wrath (Zot:5)
  2 swamp drakes (Swamp:4)
  An orc wizard (Orc:1)
  A bush (Lair:6)
  3 butterflies (Lair:5)
  16 fungi (Lair:6)
  58 plants
  4 toadstools (D:1)
90 creatures vanquished.

Grand Total: 1871 creatures vanquished

Notes
Turn   | Place    | Note
-------+----------+-------------------------------------------
     0 | D:1      | Leszczynek the Minotaur Berserker began the quest for the Orb.
     0 | D:1      | Reached XP level 1. HP: 19/19 MP: 0/0
     0 | D:1      | :^)
     0 | D:1      | goals: get relatively low turn count while playing decently safe
    31 | D:1      | Reached skill level 4 in Axes
    56 | D:1      | damn
    56 | D:1      | too close for comfort
   158 | D:1      | Reached XP level 2. HP: 26/26 MP: 1/1
   199 | D:1      | also i'm putting one point into int to avoid int-4 0 stat
   266 | D:2      | Reached skill level 5 in Axes
   326 | D:2      | Noticed Terence
   392 | D:2      | Reached XP level 3. HP: 20/31 MP: 2/2
   503 | D:2      | Noticed Sigmund
   535 | D:1      | geez
   598 | D:2      | Found a stormy altar of Qazlal.
   598 | D:2      | Noticed Natasha
   599 | D:2      | geeeeez
   606 | D:2      | Killed Natasha
   606 | D:2      | Reached ** piety under Trog
   679 | D:2      | Killed Terence
   679 | D:2      | Reached skill level 6 in Axes
   679 | D:2      | Reached XP level 4. HP: 39/39 MP: 3/3
   783 | D:3      | Found a deep blue altar of Sif Muna.
   897 | D:4      | Noticed bappy's ghost (amateur HaAs)
   969 | D:4      | Killed bappy's ghost
   969 | D:4      | Reached skill level 8 in Axes
   969 | D:4      | Reached XP level 5. HP: 45/45 MP: 4/4
   970 | D:4      | ez
   970 | D:4      | Noticed Eustachio
   977 | D:3      | jesssussssssss
   977 | D:3      | oh how nice this shit doesn't note how i got paralyzed
  1216 | D:5      | Entered Level 5 of the Dungeon
  1227 | D:5      | Reached XP level 6. HP: 46/52 MP: 5/5
  1246 | D:4      | Reached skill level 4 in Fighting
  1516 | D:5      | Reached *** piety under Trog
  1523 | D:5      | lol scarf of resistance
  1620 | D:5      | Reached skill level 9 in Axes
  1715 | D:6      | Reached XP level 7. HP: 60/60 MP: 6/6
  1846 | D:6      | Reached skill level 5 in Fighting
  1923 | D:6      | Reached skill level 10 in Axes
  1977 | D:6      | HP: 18/91 [poisoned by a scorpion]
  1982 | D:6      | HP: 10/61 [poisoned by a scorpion]
  1987 | D:6      | HP: 10/61 [poisoned by a scorpion]
  1992 | D:6      | HP: 12/91 [poisoned by a scorpion]
  1998 | D:6      | HP: 10/91 [poisoned by a scorpion]
  2004 | D:6      | HP: 10/91 [poisoned by a scorpion]
  2170 | D:6      | Reached skill level 6 in Fighting
  2212 | D:6      | Reached XP level 8. HP: 53/70 MP: 7/7
  2343 | D:6      | Found a blossoming altar of Fedhas.
  2399 | D:6      | Found a glowing golden altar of the Shining One.
  2492 | D:7      | Reached skill level 11 in Axes
  2603 | D:7      | Reached **** piety under Trog
  2603 | D:7      | Reached skill level 7 in Fighting
  2894 | D:7      | Found Rocuckot's Food Boutique.
  2915 | D:7      | Found an ornate altar of the Wu Jian Council.
  3037 | D:8      | Reached skill level 12 in Axes
  3042 | D:8      | Found an ancient bone altar of Kikubaaqudgha.
  3049 | D:8      | Found an iron altar of Okawaru.
  3129 | D:8      | Noticed a two-headed ogre
  3146 | D:8      | we're playing safe, right?
  3231 | D:8      | Killed a two-headed ogre
  3231 | D:8      | Reached skill level 8 in Fighting
  3231 | D:8      | Reached XP level 9. HP: 82/82 MP: 8/8
  3291 | D:8      | Reached skill level 13 in Axes
  3315 | D:8      | Noticed a two-headed ogre
  3324 | D:8      | Killed a two-headed ogre
  3324 | D:8      | Reached skill level 9 in Fighting
  3449 | D:8      | Reached skill level 14 in Axes
  3519 | D:8      | Reached skill level 3 in Dodging
  3661 | D:9      | Reached skill level 4 in Dodging
  3661 | D:9      | Reached XP level 10. HP: 79/91 MP: 5/9
  3729 | D:9      | Found a burning altar of Makhleb.
  3729 | D:9      | Noticed an Executioner
  3812 | D:9      | Noticed Grum
  3827 | D:9      | Killed Grum
  3827 | D:9      | Reached skill level 3 in Armour
  3835 | D:9      | Reached skill level 5 in Dodging
  3845 | D:9      | HP: 18/93 [poisoned by Grum]
  3850 | D:9      | HP: 12/93 [poisoned by Grum]
  4013 | D:9      | Reached skill level 4 in Armour
  4050 | D:9      | Found a sparkling altar of Nemelex Xobeh.
  4054 | D:9      | Reached skill level 10 in Fighting
  4068 | D:9      | Found a roughly hewn altar of Beogh.
  4097 | D:9      | Reached skill level 5 in Armour
  4112 | D:9      | Reached skill level 6 in Armour
  4124 | D:9      | this should have ended in my death tbh
  4187 | D:9      | Reached ***** piety under Trog
  4253 | D:9      | Found a bloodstained altar of Trog.
  4283 | D:10     | Entered Level 10 of the Dungeon
  4397 | D:10     | Found a white marble altar of Elyvilon.
  4397 | D:10     | Noticed an angel
  4398 | D:10     | Found a runed door.
  4585 | D:10     | Found a staircase to the Lair.
  4640 | D:10     | Noticed Erica
  4735 | D:11     | Reached skill level 15 in Axes
  4909 | D:11     | Noticed a two-headed ogre
  4922 | D:11     | Killed a two-headed ogre
  4922 | D:11     | Reached skill level 11 in Fighting
  4922 | D:11     | Reached XP level 11. HP: 102/102 MP: 10/10
  4963 | D:11     | Noticed a purple ugly thing
  4984 | D:11     | Killed a purple ugly thing
  4997 | D:11     | purple is easy
  5186 | D:11     | Found a staircase to the Orcish Mines.
  5246 | D:11     | Received a gift from Trog
  5251 | D:11     | nice, +7 battleaxe already
  5251 | D:11     | antimagic ofc
  5390 | D:12     | tbh i could probably do orc now
  5391 | D:12     | Noticed a four-headed hydra
  5540 | D:10     | Reached skill level 16 in Axes
  5804 | D:10     | Killed Erica
  5807 | D:10     | ok get some 6 levels in long blades for hydras
  5865 | D:12     | Reached skill level 1 in Long Blades
  5941 | D:12     | Reached skill level 2 in Long Blades
  5991 | D:12     | Killed a one-headed hydra
  5991 | D:12     | Reached skill level 4 in Long Blades
  6081 | D:12     | Reached skill level 5 in Long Blades
  6256 | D:13     | Reached skill level 6 in Long Blades
  6278 | D:13     | Reached skill level 12 in Fighting
  6289 | D:13     | HP: 19/104 [poisoned by a hornet]
  6294 | D:13     | HP: 10/104 [poisoned by a hornet]
  6299 | D:13     | HP: 7/104 [poisoned by a hornet]
  6304 | D:12     | HP: 7/104 [poisoned by a hornet]
  6310 | D:12     | HP: 6/104 [poisoned by a hornet]
  6379 | D:13     | Noticed a vault guard
  6396 | D:13     | Killed a vault guard
  6396 | D:13     | Reached XP level 12. HP: 112/112 MP: 3/11
  6441 | D:13     | Reached skill level 17 in Axes
  6564 | D:13     | Noticed a vault guard
  6630 | D:13     | Noticed a vault guard
  6634 | D:13     | Noticed a two-headed ogre
  6638 | D:13     | Noticed a two-headed ogre
  6644 | D:13     | Killed a two-headed ogre
  6648 | D:13     | Killed a vault guard
  6649 | D:13     | Killed a two-headed ogre
  6829 | D:13     | Received a gift from Trog
  6830 | D:13     | Reached skill level 13 in Fighting
  6849 | D:13     | >exec axe of flaming
  6849 | D:13     | thanks trog you know what i needed
  7141 | D:14     | Reached skill level 18 in Axes
  7258 | D:15     | Entered Level 15 of the Dungeon
  7307 | D:15     | Reached skill level 7 in Armour
  7467 | D:14     | Reached skill level 6 in Dodging
  7647 | Orc:1    | Entered Level 1 of the Orcish Mines
  7650 | Orc:1    | horrible gurgling sound?
  7650 | Orc:1    | what
  7655 | Orc:1    | Noticed Gastronok
  7655 | Orc:1    | oh i see
  7664 | Orc:1    | Noticed an orc high priest
  7678 | Orc:1    | Killed an orc high priest
  7685 | Orc:1    | Killed Gastronok
  7870 | Orc:2    | Entered Level 2 of the Orcish Mines
  7875 | Orc:2    | Reached XP level 13. HP: 103/122 MP: 4/12
  7877 | Orc:2    | Noticed Saint Roka
  7884 | Orc:1    | oh ok, roka
  7892 | Orc:1    | no shops for me i guess
  7969 | Lair:1   | Entered Level 1 of the Lair of Beasts
  8031 | Lair:1   | Reached skill level 8 in Armour
  8375 | Lair:2   | Received a gift from Trog
  8457 | Lair:2   | Found a staircase to the Snake Pit.
  8462 | Lair:2   | Reached skill level 19 in Axes
  8632 | Lair:3   | Found a staircase to the Swamp.
  8655 | Lair:3   | first time i see a fully open layout in lair
  8663 | Lair:3   | Noticed Urug
  8675 | Lair:3   | Killed Urug
  8815 | Lair:3   | Got a shimmering ring mail
  8826 | Lair:3   | Identified the +4 ring mail "Kukkeal" {Dex+3} (You found it on level 3 of the Lair of Beasts)
  9289 | Lair:5   | Received a gift from Trog
  9289 | Lair:5   | Reached skill level 14 in Fighting
  9520 | Lair:6   | Entered Level 6 of the Lair of Beasts
  9530 | Lair:6   | Reached skill level 20 in Axes
  9543 | Lair:6   | HP: 23/124 [poisoned by a spiny frog]
  9566 | Lair:6   | Upgraded the game from 0.21.0 to 0.21.0-3-g78d12a8
  9699 | Lair:6   | Reached skill level 15 in Fighting
  9807 | Lair:6   | HP: 21/126 [spiny frog (11)]
  9810 | Lair:6   | Reached skill level 7 in Dodging
  9823 | Lair:6   | HP: 25/126 [poisoned by a spiny frog]
  9829 | Lair:6   | HP: 23/126 [poisoned by a spiny frog]
  9835 | Lair:6   | HP: 22/126 [poisoned by a spiny frog]
  9841 | Lair:6   | HP: 23/126 [poisoned by a spiny frog]
  9854 | Lair:5   | millions of frogs
  9991 | Lair:6   | Reached XP level 14. HP: 70/135 MP: 4/13
 10137 | Lair:6   | Found a dark tunnel.
 10175 | Volcano  | Entered a volcano
 10348 | Volcano  | Reached skill level 9 in Armour
 10523 | Lair:6   | Reached skill level 8 in Dodging
 10525 | Lair:6   | Reached skill level 16 in Fighting
 10657 | Lair:6   | Received a gift from Trog
 11233 | Orc:1    | Reached skill level 10 in Armour
 11295 | Orc:1    | Noticed an orc warlord
 11314 | Orc:1    | Killed an orc warlord
 11323 | Orc:1    | Received a gift from Trog
 11324 | Orc:1    | Noticed an orc warlord
 11404 | Orc:1    | Killed an orc warlord
 11933 | Orc:2    | Reached ****** piety under Trog
 11969 | Orc:2    | Noticed an orc warlord
 12012 | Orc:2    | Killed an orc warlord
 12019 | Orc:2    | Reached skill level 17 in Fighting
 12033 | Orc:2    | Reached XP level 15. HP: 91/147 MP: 4/14
 12038 | Orc:2    | Noticed Snorg
 12128 | Orc:2    | Noticed Nergalle
 12194 | Orc:2    | Killed Saint Roka
 12197 | Orc:2    | Reached skill level 21 in Axes
 12275 | Orc:2    | Found Onyu's Antique Weapon Boutique.
 12393 | Orc:2    | Received a gift from Trog
 12429 | Orc:2    | Noticed Sonja
 12433 | Orc:2    | Killed Sonja
 12543 | Orc:2    | Found a staircase to the Elven Halls.
 12598 | Orc:2    | Killed Nergalle
 12606 | Orc:2    | Found a roughly hewn altar of Beogh.
 12623 | Orc:2    | Killed Snorg
 12644 | Orc:2    | Found Cafut's Jewellery Boutique.
 12672 | Orc:2    | Found Ziof's Antique Armour Boutique.
 12688 | Orc:2    | Found Tabigh's Antique Weapon Boutique.
 12704 | Orc:2    | Found Pac Noup's General Store.
 12713 | Orc:2    | Bought a scroll of identify for 34 gold pieces
 12713 | Orc:2    | Bought a potion of agility for 68 gold pieces
 12713 | Orc:2    | Bought a potion of flight for 51 gold pieces
 12730 | Orc:2    | Bought an uncursed ring of poison resistance for 340 gold pieces
 12730 | Orc:2    | Bought the ring "Wukuh" {MR+ Dex+3 Slay+4} for 936 gold pieces
 12984 | Swamp:1  | Entered Level 1 of the Swamp
 13065 | Swamp:1  | Received a gift from Trog
 13066 | Swamp:1  | Got an ancient battleaxe {god gift}
 13067 | Swamp:1  | Identified the +2 battleaxe "Rexzeink" {god gift, holy, rElec rF+ MR+ Str+2 Stlth+} (Trog gifted it to you on level 1 of the Swamp)
 13068 | Swamp:1  | kek
 13412 | Swamp:2  | Noticed Uhlv's ghost (adept MiWn)
 13525 | Swamp:4  | Entered Level 4 of the Swamp
 13612 | Swamp:3  | Reached skill level 22 in Axes
 13657 | Swamp:4  | Received a gift from Trog
 13666 | Swamp:4  | Reached skill level 18 in Fighting
 13819 | Swamp:4  | Got a decaying rune of Zot
 14023 | Swamp:2  | Killed Uhlv's ghost
 14113 | Snake:1  | Entered Level 1 of the Snake Pit
 14126 | Snake:1  | Reached XP level 16. HP: 152/157 MP: 5/15
 14273 | Snake:1  | HP: 31/235 [shock serpent/bolt of electricity (18)]
 14286 | Snake:1  | Reached skill level 9 in Dodging
 14358 | Snake:1  | Reached skill level 11 in Armour
 14886 | Snake:3  | Received a gift from Trog
 14957 | Snake:4  | Entered Level 4 of the Snake Pit
 15036 | Snake:4  | Reached skill level 23 in Axes
 15341 | Snake:4  | Found Tuthat's Assorted Antiques.
 15349 | Snake:4  | Bought a scroll of identify for 34 gold pieces
 15349 | Snake:4  | Bought a scroll labeled IFECOEGIEG for 17 gold pieces
 15349 | Snake:4  | Bought a scroll labeled OKECSI REIKER for 17 gold pieces
 15349 | Snake:4  | Bought a scroll labeled POCRUE IKEICH for 17 gold pieces
 15349 | Snake:4  | Identified 3 scrolls of acquirement
 15350 | Snake:4  | >3 scrolls of acquirement
 15350 | Snake:4  | i just had them in my inventory for god knows how long
 15373 | Snake:4  | Got a steaming brass ring
 15375 | Snake:4  | Identified the ring of Polytheism {+Fly rElec Dex+2} (You acquired it on level 4 of the Snake Pit)
 15376 | Snake:4  | ok
 15605 | Snake:4  | Reached skill level 10 in Dodging
 15809 | Snake:4  | Reached skill level 12 in Armour
 16106 | Snake:4  | well safe means safe
 16175 | Snake:4  | Received a gift from Trog
 16373 | Snake:4  | Got a serpentine rune of Zot
 16386 | Snake:4  | cya nerds
 16562 | Snake:4  | Bought 2 potions of mutation for 272 gold pieces
 16797 | Snake:1  | Reached XP level 17. HP: 151/166 MP: 5/16
 16835 | Snake:1  | Reached skill level 19 in Fighting
 17098 | Elf:1    | Entered Level 1 of the Elven Halls
 17393 | Orc:2    | Bought an uncursed amulet of faith for 680 gold pieces
 17568 | Elf:1    | Received a gift from Trog
 17568 | Elf:1    | Reached skill level 24 in Axes
 17931 | Elf:2    | Got a wavering tin ring
 17933 | Elf:2    | Identified the ring "Obouc" {*Tele rC+} (You found it on level 2 of the Elven Halls)
 17944 | Elf:3    | Entered Level 3 of the Elven Halls
 17945 | Elf:3    | >you have 45 gp
 17946 | Elf:3    | >you hear coins being counted
 17946 | Elf:3    | t-thanks
 18065 | Elf:3    | Reached skill level 13 in Armour
 18104 | Elf:3    | Reached skill level 1 in Evocations
 18261 | Elf:3    | Found a flickering gateway to a bazaar.
 18309 | Elf:3    | ok, 159 gold now, let's go
 18310 | Bazaar   | Entered a bazaar
 18314 | Bazaar   | Found Ujeto's Weapon Shoppe.
 18322 | Bazaar   | Found Roes's Assorted Antiques.
 18353 | Bazaar   | Found Ririsepp's Jewellery Emporium.
 18361 | Bazaar   | Found Zatsedol's Armour Boutique.
 18412 | Bazaar   | Bought a scroll of identify for 54 gold pieces
 18412 | Bazaar   | Bought a fizzy sapphire potion for 24 gold pieces
 18412 | Bazaar   | Bought a fizzy sapphire potion for 24 gold pieces
 18412 | Bazaar   | Bought a scroll of identify for 54 gold pieces
 18412 | Bazaar   | great shopping right there
 18638 | Elf:3    | to think i'd ID acquirement and summoning before blinking
 18737 | Elf:3    | Reached skill level 2 in Evocations
 18776 | Elf:3    | Got a bloodstained cloak
 18794 | Elf:3    | Identified the +1 cloak "Tooxon" {*Drain rElec rPois SInv} (You found it on level 3 of the Elven Halls)
 18794 | Elf:3    | oh great
 18888 | Elf:3    | Noticed a deep elf master archer
 18901 | Elf:3    | Killed a deep elf master archer
 18905 | Elf:3    | i'm starting to think this might've not been the best idea
 18905 | Elf:3    | oh i don't know fog
 18905 | Elf:3    | oops
 18910 | Elf:3    | Noticed an Ice Fiend
 18923 | Elf:3    | now i know fog
 19012 | Elf:3    | Reached skill level 3 in Evocations
 19037 | Elf:3    | Received a gift from Trog
 19093 | Elf:3    | HP: 28/169 [acid (9)]
 19106 | Elf:3    | nope
 19147 | Elf:2    | well that's cancellation and blink gone
 19147 | Elf:2    | "oops"
 19255 | Elf:3    | Noticed a deep elf blademaster
 19263 | Elf:3    | Killed a deep elf blademaster
 19304 | Elf:3    | Reached skill level 4 in Evocations
 19306 | Elf:3    | ow
 19378 | Elf:3    | Noticed a deep elf blademaster
 19389 | Elf:3    | Killed a deep elf blademaster
 19404 | Elf:3    | Noticed a deep elf blademaster
 19421 | Elf:3    | Killed a deep elf blademaster
 19421 | Elf:3    | Reached skill level 25 in Axes
 19421 | Elf:3    | Reached XP level 18. HP: 119/178 MP: 6/20
 19608 | Elf:3    | Got a pitted chain mail
 19623 | Elf:3    | Identified the +12 chain mail of Ighes {rF+ rCorr Dex+4} (You took it off a deep elf high priest on level 3 of the Elven Halls)
 19623 | Elf:3    | oh
 19623 | Elf:3    | ohhhhhhh
 19656 | Elf:3    | nyou know you're not in the best spot when you're not gaining faith with Trog in fucking elf with a damn "faith o
 19667 | Elf:3    | on
 20044 | D:13     | Reached skill level 20 in Fighting
 20076 | D:13     | Found a gate to the Vaults.
 20095 | Vaults:1 | Entered Level 1 of the Vaults
 20107 | Vaults:1 | Got a spiked hat
 20113 | Vaults:1 | Identified the +0 hat "Jiodif" {MR+} (You acquired it on level 1 of the Vaults)
 20113 | Vaults:1 | uhh
 20113 | Vaults:1 | okayyy
 20193 | Vaults:1 | Reached skill level 5 in Evocations
 20387 | Vaults:1 | Received a gift from Trog
 20760 | Vaults:4 | Reached skill level 6 in Evocations
 20804 | Vaults:4 | Received a gift from Trog
 20993 | Vaults:4 | ok, no shadow dragons
 21238 | Vaults:2 | Reached skill level 26 in Axes
 21308 | Vaults:2 | Reached skill level 7 in Evocations
 21505 | Vaults:1 | Reached XP level 19. HP: 85/187 MP: 7/23
 21807 | Vaults:3 | Noticed a lich
 21819 | Vaults:3 | Killed a lich
 21940 | Vaults:3 | Found Loyvog's General Store.
 21947 | Vaults:3 | Bought a wand of enslavement (4) for 96 gold pieces
 22127 | Vaults:4 | Reached skill level 21 in Fighting
 22284 | Vaults:4 | Noticed Jorgrun
 22288 | Vaults:4 | Killed Jorgrun
 22385 | Vaults:4 | Received a gift from Trog
 22445 | Vaults:4 | Reached skill level 8 in Evocations
 22589 | Vaults:4 | Reached skill level 11 in Dodging
 22657 | Vaults:4 | aaaaand 3 points of drain
 22657 | Vaults:4 | wwoooooo
 22657 | Vaults:4 | ok, v5 postponed
 22961 | Vaults:3 | Received a gift from Trog
 23314 | Vaults:2 | Reached skill level 14 in Armour
 23487 | Vaults:4 | aw whatever
 23488 | Vaults:5 | Entered Level 5 of the Vaults
 23685 | Vaults:5 | oh no
 23685 | Vaults:5 | my nemesis
 23685 | Vaults:5 | the shadow dragon
 23803 | Vaults:5 | Reached skill level 22 in Fighting
 23846 | Vaults:5 | Received a gift from Trog
 23877 | Vaults:5 | Reached skill level 9 in Evocations
 23877 | Vaults:5 | Reached XP level 20. HP: 192/200 MP: 8/25
 23981 | Vaults:5 | Noticed a golden dragon
 23989 | Vaults:5 | Killed a golden dragon
 24070 | Vaults:5 | Reached skill level 12 in Dodging
 24185 | Vaults:5 | Identified the +2 chain mail of the Blind Marksman {rC+} (You found it on level 5 of the Vaults)
 24402 | Vaults:5 | Reached skill level 15 in Armour
 24414 | Vaults:5 | Received a gift from Trog
 24643 | Vaults:5 | Reached skill level 10 in Evocations
 24652 | Vaults:5 | Reached skill level 23 in Fighting
 24896 | Vaults:5 | Reached skill level 13 in Dodging
 24941 | Vaults:5 | Reached XP level 21. HP: 126/211 MP: 9/27
 25054 | Vaults:5 | Identified the +4 shield of the Known World {Slay+3} (You found it on level 5 of the Vaults)
 25163 | Vaults:5 | wait where's the rune
 25243 | Vaults:5 | Got a silver rune of Zot
 25244 | Vaults:5 | of course
 25244 | Vaults:5 | yet again hidden under other items and not highlighted
 25288 | Vaults:4 | Received a gift from Trog
 25477 | D:15     | Found a staircase to the Depths.
 25558 | Depths:1 | Entered Level 1 of the Depths
 25586 | D:15     | Received a gift from Trog
 25780 | Depths:1 | Reached skill level 16 in Armour
 26164 | Depths:2 | Reached skill level 11 in Evocations
 26167 | Depths:2 | Reached skill level 24 in Fighting
 26254 | Depths:2 | Noticed a caustic shrike
 26268 | Depths:2 | Killed a caustic shrike
 26356 | Depths:2 | Found a gateway to Hell.
 26423 | Depths:2 | Noticed a caustic shrike
 26428 | Depths:2 | Killed a caustic shrike
 26428 | Depths:2 | Received a gift from Trog
 26436 | Depths:2 | Identified the +7 hand axe of Annoyance {god gift, venom, rElec Int+4} (Trog gifted it to you on level 2 of the Depths)
 26437 | Depths:2 | "of annoyance" you say
 26527 | Depths:2 | Reached skill level 14 in Dodging
 26554 | Depths:2 | suicidal bastard
 26776 | Depths:3 | Noticed Nikola
 26789 | Depths:3 | Killed Nikola
 26860 | Depths:3 | Reached XP level 22. HP: 224/224 MP: 9/29
 26909 | Depths:2 | Received a gift from Trog
 27025 | Depths:2 | HP: 42/224 [something (22)]
 27033 | Depths:2 | Killed the Enchantress
 27035 | Depths:2 | Found the faerie dragon scales
 27035 | Depths:2 | ohhh
 27035 | Depths:2 | i see
 27035 | Depths:2 | Identified the +3 faerie dragon scales {rPois Regen+ rCorr Str-2} (You took it off the Enchantress on level 2 of the Depths)
 27675 | Depths:3 | Noticed Asterion
 27686 | Depths:3 | Killed Asterion
 27686 | Depths:3 | Reached skill level 17 in Armour
 27854 | Depths:5 | Entered Level 5 of the Depths
 28113 | Depths:5 | Received a gift from Trog
 28113 | Depths:5 | Reached skill level 25 in Fighting
 28164 | Depths:5 | Reached skill level 12 in Evocations
 28275 | Depths:4 | Found a gateway to a ziggurat.
 28322 | Depths:4 | Noticed a juggernaut
 28327 | Depths:4 | Killed a juggernaut
 28331 | Depths:4 | Noticed a juggernaut
 28331 | Depths:4 | uhhhhhhhhhhhhhhhhhhhhhhhhhhhhhhhhh
 28334 | Depths:4 | Killed a juggernaut
 28335 | Depths:4 | Noticed a golden dragon
 28534 | Depths:5 | Reached skill level 15 in Dodging
 28598 | Depths:5 | Noticed a golden dragon
 28625 | Depths:5 | Noticed a golden dragon
 28641 | Depths:5 | Killed a golden dragon
 28727 | Depths:5 | Killed a golden dragon
 28732 | Depths:5 | Found a gate to the Realm of Zot.
 28779 | Zot:1    | Entered Level 1 of the Realm of Zot
 28789 | Depths:5 | Reached XP level 23. HP: 142/234 MP: 10/31
 28790 | Depths:5 | ah, this is nasty
 28911 | Zot:1    | Noticed an orb of fire
 28912 | Zot:1    | this too
 28914 | Zot:1    | yeah thanks i wanted to berserk anyway
 28914 | Zot:1    | wish i could change a ring first tho
 28932 | Zot:1    | Killed an orb of fire
 29053 | Zot:2    | Reached skill level 27 in Axes
 29064 | Zot:2    | nothing like standing in a fire so you don't have to stand in poison
 29326 | Zot:5    | Entered Level 5 of the Realm of Zot
 29326 | Zot:5    | Noticed an orb of fire
 29338 | Zot:5    | Killed an orb of fire
 29450 | Zot:5    | Reached skill level 18 in Armour
 29474 | Zot:5    | Noticed an orb of fire
 29484 | Zot:5    | Received a gift from Trog
 29494 | Zot:5    | Gained mutation: You are occasionally teleported next to monsters. [an orb of fire]
 29497 | Zot:5    | Killed an orb of fire
 29497 | Zot:5    | Reached skill level 26 in Fighting
 29503 | Zot:5    | Lost mutation: You are occasionally teleported next to monsters. [potion of mutation]
 29503 | Zot:5    | Gained mutation: You have large cloven feet. [potion of mutation]
 29503 | Zot:5    | Gained mutation: You have hoof-like feet. [potion of mutation]
 29504 | Zot:5    | no teleportitis, thank you
 29696 | Zot:5    | Reached skill level 13 in Evocations
 29882 | Zot:5    | Reached skill level 16 in Dodging
 29974 | Zot:5    | Noticed an orb of fire
 29984 | Zot:5    | Gained mutation: You are frail. (-10% HP) [an orb of fire]
 29987 | Zot:5    | Gained mutation: Scrolls take you a little longer to read. [an orb of fire]
 29990 | Zot:5    | Killed an orb of fire
 30052 | Zot:5    | Noticed a Killer Klown
 30069 | Zot:5    | Killed a Killer Klown
 30084 | Zot:5    | Reached XP level 24. HP: 203/222 MP: 10/31
 30134 | Zot:5    | Noticed an ancient lich
 30139 | Zot:5    | Noticed an ancient lich
 30143 | Zot:5    | Killed an ancient lich
 30152 | Zot:5    | Killed an ancient lich
 30330 | Zot:5    | Reached skill level 27 in Fighting
 30330 | Zot:5    | Reached skill level 19 in Armour
 30413 | Zot:5    | Noticed an orb of fire
 30422 | Zot:5    | Gained mutation: Your body sometimes deteriorates upon taking damage. [an orb of fire]
 30424 | Zot:5    | Killed an orb of fire
 30459 | Zot:5    | Noticed an ancient lich
 30468 | Zot:5    | Killed an ancient lich
 30468 | Zot:5    | Reached skill level 14 in Evocations
 30535 | Zot:5    | Noticed an orb of fire
 30541 | Zot:5    | Reached skill level 17 in Dodging
 30541 | Zot:5    | Gained mutation: You are very frail. (-20% HP) [an orb of fire]
 30548 | Zot:5    | Killed an orb of fire
 30687 | Zot:5    | Noticed an ancient lich
 30701 | Zot:5    | Killed an ancient lich
 30704 | Zot:5    | ow
 30815 | Zot:5    | Lost mutation: Scrolls take you a little longer to read. [potion of mutation]
 30815 | Zot:5    | Lost mutation: Your body sometimes deteriorates upon taking damage. [potion of mutation]
 30815 | Zot:5    | Lost mutation: You have hoof-like feet. [potion of mutation]
 30815 | Zot:5    | Gained mutation: You do not regenerate when monsters are visible. [potion of mutation]
 30815 | Zot:5    | Gained mutation: You possess an exceptional clarity of mind. [potion of mutation]
 30815 | Zot:5    | Gained mutation: You have a beak for a mouth. [potion of mutation]
 30816 | Zot:5    | Lost mutation: You possess an exceptional clarity of mind. [potion of mutation]
 30816 | Zot:5    | Lost mutation: You are very frail. (-20% HP) [potion of mutation]
 30816 | Zot:5    | Gained mutation: You can translocate small distances at will. [potion of mutation]
 30817 | Zot:5    | Lost mutation: You have large cloven feet. [potion of mutation]
 30817 | Zot:5    | Lost mutation: You are frail. (-10% HP) [potion of mutation]
 30817 | Zot:5    | Gained mutation: You are weak. (Str -2) [potion of mutation]
 30817 | Zot:5    | Gained mutation: Your mind is acute. (Int +2) [potion of mutation]
 30817 | Zot:5    | Lost mutation: You are weak. (Str -2) [potion of mutation]
 30818 | Zot:5    | so -regen vs +blink
 30818 | Zot:5    | i guess it's worth it
 30860 | Zot:5    | Got the Orb of Zot
 31087 | Depths:5 | Noticed a seraph
 31097 | Depths:5 | Killed a seraph
 31103 | Depths:5 | Reached skill level 20 in Armour
 31245 | D:15     | Noticed Hawaf the pandemonium lord
 31290 | D:13     | Noticed Keirgheju the pandemonium lord
 31623 | D:1      | Reached XP level 25. HP: 237/257 MP: 11/33
 31634 | D:1      | below 32k, pretty ok
 31634 | D:1      | for a safe run
 31635 | D:$      | Escaped with the Orb!

Skill      XL: |  1  2  3  4  5  6  7  8  9 10 11 12 13 14 15 16 17 18 19 20 21 22 23 24 |
---------------+-------------------------------------------------------------------------+-----
Axes           | 4 5 6 8 9 10 12 14 15 16 18 20 22 23 25 26 27 | 27.0
Fighting       | 4 6 8 9 11 12 13 15 17 18 19 20 22 23 24 25 26 27 | 27.0
Dodging        | 4 5 6 7 8 10 11 13 14 15 16 17 | 17.7
Armour         | 6 7 8 10 12 13 14 15 16 17 18 20 | 20.1
Long Blades    | 6 |  6.2
Evocations     | 4 7 9 10 11 12 13 14 | 14.7

Action                   |  1- 3 |  4- 6 |  7- 9 | 10-12 | 13-15 | 16-18 | 19-21 | 22-24 | 25-27 || total
-------------------------+-------+-------+-------+-------+-------+-------+-------+-------+-------++-------
Melee: Hand axe          |    48 |   133 |   222 |   101 |       |       |       |       |       ||   504
       Headbutt          |    10 |    19 |    53 |   108 |   229 |   257 |   323 |   259 |       ||  1258
       War axe           |       |       |       |   190 |       |       |       |       |       ||   190
       Battleaxe         |       |       |       |   260 |   973 |   639 |       |       |       ||  1872
       Scimitar          |       |       |       |     4 |       |       |       |       |       ||     4
       Executioner's axe |       |       |       |       |    48 |   292 |   887 |   746 |       ||  1973
       Broad axe         |       |       |       |       |     1 |       |       |       |       ||     1
       Peck              |       |       |       |       |       |       |       |    19 |       ||    19
Throw: Throwing net      |       |       |       |       |       |       |       |     2 |       ||     2
Invok: Berserk           |     5 |     4 |     9 |    11 |    19 |    10 |    12 |    13 |       ||    83
       Trog's Hand       |       |     1 |     1 |    11 |    22 |    30 |    32 |    39 |       ||   136
       Burn Spellbooks   |       |       |       |       |     5 |     4 |     6 |     1 |       ||    16
       Brothers in Arms  |       |       |       |       |     2 |       |     6 |     3 |       ||    11
Evoke: Wand              |       |       |     4 |     7 |    13 |     1 |     1 |     8 |       ||    34
  Use: Scroll            |       |       |    10 |     3 |    11 |    20 |    26 |     7 |       ||    77
       Potion            |       |       |     1 |     2 |     3 |     5 |     2 |    13 |       ||    26
 Stab: Distracted        |       |       |       |       |       |       |     1 |     1 |       ||     2
       Invisible         |       |       |       |       |       |       |       |    10 |       ||    10
       Paralysed         |       |       |       |       |       |       |       |     4 |       ||     4
  Eat: Chunk             |     3 |     9 |    17 |    26 |    43 |    20 |    35 |    28 |       ||   181
       Ration            |       |       |       |     1 |     2 |     8 |     3 |     8 |       ||    22
Armor: Animal skin       |     8 |       |       |       |       |       |       |       |       ||     8
       Ring mail         |    12 |       |       |       |       |       |       |       |       ||    12
       Scale mail        |       |    35 |    47 |       |       |       |       |       |       ||    82
       Plate armour      |       |       |       |   269 |   417 |   213 |       |       |       ||   899
       Skin              |       |       |       |    30 |       |       |       |       |       ||    30
       Chain mail        |       |       |       |       |       |    77 |   304 |   309 |       ||   690
Dodge: Dodged            |    24 |    47 |    82 |   205 |   531 |   512 |   584 |   593 |       ||  2578
